 Dungeon Crawl Stone Soup version 0.24.1-11-gbbbb2193e6 (webtiles) character file.

Game seed: 16073023757111572524, levelgen mode: deterministic

734 DungeonDestroyer the Shield-Bearer (level 7, -5/54 HPs)
             Began as a Gnoll Fighter on May 9, 2020.
             Was a Follower of Qazlal.
             Slain by a two-headed ogre
             ... wielding a +0 giant club
              (8 damage)
             ... on level 5 of the Dungeon on May 13, 2020.
             The game lasted 00:09:21 (3207 turns).

DungeonDestroyer the Shield-Bearer (Gnoll Fighter)  Turns: 3207, Time: 00:09:22

Health: -5/54      AC: 14    Str: 19    XL:     7   Next: 74%
Magic:  10/10      EV:  5    Int: 11    God:    Qazlal [*.....]
Gold:   111        SH: 12    Dex: 15    Spells: 11/11 levels left

rFire    . . .     SeeInvis .   a - +0 war axe
rCold    . . .     Gourm    .   c - +0 shield
rNeg     . . .     Faith    .   m - +0 plate armour
rPois    .         Spirit   .   (no helmet)
rElec    .         Reflect  .   (no cloak)
rCorr    +         Harm     .   (no gloves)
MR       .....                  r - +0 pair of boots
Stlth    ..........             (no amulet)
HPRegen  0.18/turn              e - ring of resist corrosion
MPRegen  0.12/turn              (no ring)

@: no status effects
A: distributed training, fangs 1, blink, frail 1, strong nose
a: Blink, Renounce Religion


You were on level 5 of the Dungeon.
You worshipped Qazlal.
Qazlal was aware of your devotion.
You were not hungry.

You visited 1 branch of the dungeon, and saw 5 of its levels.

You collected 111 gold pieces.

Inventory:

Hand Weapons
 a - a +0 war axe (weapon)
Missiles
 g - 21 sling bullets
 h - 103 stones (quivered)
 l - 76 arrows
 n - 51 bolts
 p - 4 silver boomerangs
Armour
 c - a +0 shield (worn)
 m - a +0 plate armour (worn)
 r - a +0 pair of boots (worn)
Jewellery
 e - a ring of resist corrosion (left hand)
Wands
 o - a wand of acid (9)
Scrolls
 i - 5 scrolls of identify
 q - a scroll of remove curse
 s - a scroll of blinking
Potions
 d - a potion of might
 j - a potion of brilliance
 k - a potion of flight
Comestibles
 f - 10 rations


   Skills:
 + Level 7.1 Fighting
 + Level 2.6 Short Blades
 + Level 2.6 Long Blades
 + Level 5.3 Axes
 + Level 2.6 Maces & Flails
 + Level 2.6 Polearms
 + Level 2.6 Staves
 + Level 2.6 Slings
 + Level 2.6 Bows
 + Level 2.6 Crossbows
 + Level 2.6 Throwing
 + Level 7.1 Armour
 + Level 2.6 Dodging
 + Level 2.6 Stealth
 + Level 7.1 Shields
 + Level 2.6 Unarmed Combat
 + Level 2.6 Spellcasting
 + Level 2.1 Conjurations
 + Level 2.1 Hexes
 + Level 2.1 Charms
 + Level 2.1 Summonings
 + Level 2.1 Necromancy
 + Level 2.1 Translocations
 + Level 2.1 Transmutations
 + Level 2.1 Fire Magic
 + Level 2.1 Ice Magic
 + Level 2.1 Air Magic
 + Level 2.1 Earth Magic
 + Level 2.1 Poison Magic
 + Level 2.9 Invocations
 + Level 2.6 Evocations


You had 11 spell levels left.
You didn't know any spells.
Your spell library was empty.

Dungeon Overview and Level Annotations

Branches:
Dungeon (5/15)
 Temple: D:4-7

Altars:
Dithmenos
Qazlal
Ru
Xom
Zin


Innate Abilities, Weirdness & Mutations

Your experience applies equally to all skills.
You have very sharp teeth.
Your uncanny sense of smell can sniff out nearby items.
You can translocate small distances at will.
You are frail. (-10% HP)


Message History

Your bite misses the two-headed ogre.
The two-headed ogre hits you with a +0 giant club!
You block the two-headed ogre's attack.
You barely miss the two-headed ogre. You bite the two-headed ogre.
The two-headed ogre is lightly wounded.
The two-headed ogre hits you but does no damage. x2
You slash the two-headed ogre!
The two-headed ogre is lightly wounded.
The two-headed ogre hits you with a +0 giant club.
* * * LOW HITPOINT WARNING * * *
The two-headed ogre hits you with a +0 giant club.
* * * LOW HITPOINT WARNING * * *
You hit the two-headed ogre.
The two-headed ogre is moderately wounded.
You hit the two-headed ogre.
The two-headed ogre is moderately wounded.
The two-headed ogre hits you with a +0 giant club.
* * * LOW HITPOINT WARNING * * *
The two-headed ogre hits you with a +0 giant club!
You die...

#####........## ≈≈
≈...............## ≈ ≈
#...###.........<# ≈#≈
##.# #†....###..#
≈≈≈#."## ##.....#[#..#
#≈#...###......###..#
####.$....##...........#
......°☼..#..#........##
......O@.....##......##
..............########
...........##..#
..........## #.#
..........# ..#
........... ###
#.....#...## #...#.#####


You could see a two-headed ogre.

Vanquished Creatures
  Edmund (D:4)
  An ogre (D:4)
  A bullfrog (D:2)
  A water moccasin skeleton (D:4)
  A hound (D:4)
  8 worker ants
  A hound skeleton (D:4)
  7 gnolls
  4 adders
  An adder skeleton (D:4)
  3 worms
  A dart slug (D:2)
  3 leopard geckos
  7 orcs (D:3)
  4 giant cockroaches
  9 goblins
  7 hobgoblins
  A jackal (D:4)
  5 kobolds
  3 quokkas
  8 bats
  5 frilled lizards
  A jackal skeleton (D:5)
  4 rats
87 creatures vanquished.

Vanquished Creatures (others)
  An orc (D:2)
1 creature vanquished.

Grand Total: 88 creatures vanquished

Notes
Turn   | Place    | Note
-------+----------+-------------------------------------------
     0 | D:1      | DungeonDestroyer the Gnoll Fighter began the quest for the
                  | Orb.
     0 | D:1      | Reached XP level 1. HP: 23/23 MP: 1/1
     5 | D:1      | Noticed a death yak
    16 | D:1      | Noticed an anaconda
   235 | D:1      | Reached XP level 2. HP: 27/29 MP: 2/2
   579 | D:1      | Reached XP level 3. HP: 35/35 MP: 3/3
   791 | D:2      | Reached skill level 1 in Invocations
   878 | D:2      | Reached skill level 1 in Short Blades
   878 | D:2      | Reached skill level 1 in Long Blades
   878 | D:2      | Reached skill level 1 in Maces & Flails
   878 | D:2      | Reached skill level 1 in Polearms
   878 | D:2      | Reached skill level 1 in Staves
   878 | D:2      | Reached skill level 1 in Slings
   878 | D:2      | Reached skill level 1 in Bows
   878 | D:2      | Reached skill level 1 in Crossbows
   878 | D:2      | Reached skill level 1 in Throwing
   878 | D:2      | Reached skill level 1 in Dodging
   878 | D:2      | Reached skill level 1 in Stealth
   878 | D:2      | Reached skill level 1 in Unarmed Combat
   878 | D:2      | Reached skill level 1 in Spellcasting
   878 | D:2      | Reached skill level 1 in Evocations
   882 | D:2      | Reached XP level 4. HP: 35/41 MP: 5/5
  1085 | D:2      | Upgraded the game from 0.24.1-8-ga250c9d538 to
                  | 0.24.1-11-gbbbb2193e6
  1095 | D:2      | Reached skill level 1 in Conjurations
  1095 | D:2      | Reached skill level 1 in Hexes
  1095 | D:2      | Reached skill level 1 in Charms
  1095 | D:2      | Reached skill level 1 in Summonings
  1095 | D:2      | Reached skill level 1 in Necromancy
  1095 | D:2      | Reached skill level 1 in Translocations
  1095 | D:2      | Reached skill level 1 in Transmutations
  1095 | D:2      | Reached skill level 1 in Fire Magic
  1095 | D:2      | Reached skill level 1 in Ice Magic
  1095 | D:2      | Reached skill level 1 in Air Magic
  1095 | D:2      | Reached skill level 1 in Earth Magic
  1095 | D:2      | Reached skill level 1 in Poison Magic
  1135 | D:2      | Reached XP level 5. HP: 30/47 MP: 6/6
  1559 | D:3      | Found a stormy altar of Qazlal.
  1575 | D:3      | Became a worshipper of Qazlal Stormbringer
  1660 | D:3      | Reached XP level 6. HP: 52/53 MP: 8/8
  1795 | D:3      | Found a glowing silver altar of Zin.
  1871 | D:3      | Found a sacrificial altar of Ru.
  2107 | D:3      | Found a shadowy altar of Dithmenos.
  2397 | D:4      | Reached skill level 5 in Axes
  2468 | D:4      | Noticed Edmund
  2480 | D:4      | Killed Edmund
  2480 | D:4      | Reached XP level 7. HP: 57/60 MP: 10/10
  2560 | D:4      | Reached * piety under Qazlal
  2711 | D:4      | Found a shimmering altar of Xom.
  3114 | D:4      | Gained mutation: You are frail. (-10% HP) [potion of
                  | mutation]
  3114 | D:4      | Gained mutation: You can translocate small distances at
                  | will. [potion of mutation]
  3168 | D:5      | Entered Level 5 of the Dungeon
  3199 | D:5      | Noticed a two-headed ogre
  3207 | D:5      | Slain by a two-headed ogre

Levels and vault maps discovered:
D:1:      sevenhm_arrival_forest_fort_small_2, layout_loops_ring
D:2:      layout_basic, first_ration, minmay_indecisive_spiral
D:3:      layout_loops_ring, lemuel_round_altar, lemuel_crystal_altar,
          grunt_qazlal_clouds, nicolae_ru_sacrificial_ziggurat
D:4:      layout_basic, tgw_xom, uniq_edmund
D:5:      layout_rooms, minmay_temple_entry_ruins, minivault_4,
          minmay_splitting_lines, item_on_display_a, uniq_ijyb, uniq_pikel,
          uniq_blork_the_orc

Skill      XL: |  1  2  3  4  5  6  7 |
---------------+----------------------+-----
Invocations    | 1 2 |  2.9
Short Blades   | 1 2 |  2.6
Long Blades    | 1 2 |  2.6
Maces & Flails | 1 2 |  2.6
Polearms       | 1 2 |  2.6
Staves         | 1 2 |  2.6
Slings         | 1 2 |  2.6
Bows           | 1 2 |  2.6
Crossbows      | 1 2 |  2.6
Throwing       | 1 2 |  2.6
Dodging        | 1 2 |  2.6
Stealth        | 1 2 |  2.6
Unarmed Combat | 1 2 |  2.6
Spellcasting   | 1 2 |  2.6
Evocations     | 1 2 |  2.6
Conjurations   | 1 2 |  2.1
Hexes          | 1 2 |  2.1
Charms         | 1 2 |  2.1
Summonings     | 1 2 |  2.1
Necromancy     | 1 2 |  2.1
Translocations | 1 2 |  2.1
Transmutations | 1 2 |  2.1
Fire Magic     | 1 2 |  2.1
Ice Magic      | 1 2 |  2.1
Air Magic      | 1 2 |  2.1
Earth Magic    | 1 2 |  2.1
Poison Magic   | 1 2 |  2.1
Axes           | 5 |  5.3
Fighting       | 7 |  7.1
Armour         | 7 |  7.1
Shields        | 7 |  7.1

Action                   |  1- 3 |  4- 6 |  7- 9 || total
-------------------------+-------+-------+-------++-------
Melee: War axe           |    88 |   138 |    61 ||   287
       Bite              |     6 |    12 |    16 ||    34
  Use: Scroll            |     3 |     4 |     1 ||     8
       Potion            |     2 |     2 |     1 ||     5
  Eat: Chunk             |       |     5 |     3 ||     8
Armor: Scale mail        |    35 |    19 |       ||    54
       Plate armour      |       |    28 |    31 ||    59
Dodge: Dodged            |    28 |    49 |     9 ||    86
Block: Shield            |    45 |    89 |    28 ||   162
